 Dungeon Crawl Stone Soup version 0.29.0-13-gc9e81de378 (webtiles) character file.

Game seed: 4363682503306623086

1029 LabCoat the Chopper (level 8, -17/69 HPs)
             Began as a Hill Orc Fighter on Sept 8, 2022.
             Killed from afar by Maggie (19 damage)
             ... with a bolt of fire
             ... on level 6 of the Dungeon.
             The game lasted 00:11:50 (5277 turns).

LabCoat the Chopper (Hill Orc Fighter)              Turns: 5277, Time: 00:11:51

Health: -17/69     AC: 13    Str: 21    XL:     8   Next: 23%
Magic:  8/8        EV:  2    Int:  8    God:
Gold:   239        SH: 14    Dex: 10    Spells: 7/7 levels left

rFire   . . .      SeeInvis .   a - +0 war axe
rCold   . . .      Faith    .   r - +2 tower shield
rNeg    . . .      Spirit   .   u - +0 plate armour
rPois   .          Reflect  .   g - +0 helmet
rElec   .          Harm     .   (no cloak)
rCorr   .          Rampage  .   (no gloves)
Will    .....                   (no boots)
Stlth   ..........              (no amulet)
HPRegen 0.21/turn               (no ring)
MPRegen 0.11/turn               (no ring)

@: no status effects
A: no striking features
a: no special abilities


You were on level 6 of the Dungeon.
You visited 2 branches of the dungeon, and saw 7 of its levels.

You collected 239 gold pieces.

Inventory:

Hand Weapons
 a - a +0 war axe (weapon)
 A - a +0 morningstar
Missiles
 m - 4 javelins (quivered)
 n - 3 boomerangs
 s - 6 poisoned darts
Armour
 g - a +0 helmet (worn)
 r - a +2 tower shield (worn)
 u - a +0 plate armour (worn)
Jewellery
 i - a ring of see invisible
 j - an amulet of faith
 p - a ring of flight
Wands
 z - a wand of iceblast (4)
Scrolls
 c - 4 scrolls of teleportation {unknown}
 k - a scroll of magic mapping {unknown}
 t - a scroll of noise {unknown}
 v - a scroll of brand weapon {unknown}
 w - 2 scrolls of amnesia
 x - a scroll of immolation {unknown}
Potions
 b - 2 potions of haste
 d - a potion of might
 e - 3 potions of curing {unknown}
 f - 4 potions of flight
 h - 2 potions of invisibility
 l - 2 potions of lignification
 o - a potion of cancellation {unknown}
 q - a potion of heal wounds {unknown}


   Skills:
 + Level 5.6 Fighting
 * Level 7.0(7.6) Axes
 + Level 3.6(5.2) Maces & Flails
 + Level 1.6 Throwing
 + Level 5.1 Armour
 + Level 4.9 Shields
 + Level 2.2 Evocations


You had 7 spell levels left.
You didn't know any spells.
Your spell library contained the following spells:

 Spells                   Type           Power      Damage    Failure   Level
 Magic Dart               Conj           0%         1d3       100%        1
 Searing Ray              Conj           0%         2d4       100%        2
 Conjure Flame            Conj/Fire      0%         6-21      100%        3
 Ignite Poison            Fire/Tmut/Pois 0%         N/A       100%        3
 Fulminant Prism          Conj/Hex       0%         3d6       100%        4
 Sticky Flame             Conj/Fire      0%         2d3       100%        4


Dungeon Overview and Level Annotations

Branches:
Dungeon (6/15)             Temple (1/1) D:4

Altars:
Dithmenos
Fedhas
Gozag
Makhleb
Nemelex Xobeh
Qazlal
Ru
Sif Muna
Wu Jian
Xom
The Shining One

Annotations:
D:3 2 transporters, Zero's ghost, amateur HOFi
D:6 Maggie


Message History

Aiming: Iceblast
Press: ? - help, Shift-Dir - straight line, f/p - Maggie
Aim: Maggie, wielding a +0 war axe, wearing +0 steam dragon scales and carrying a wand of digging (2) (lightly wounded)
The mass of ice explodes!
The iceblast engulfs Maggie!!
Maggie is heavily wounded.
You hear an angry hiss.
Maggie says, "Fear not.
I will immortalize you in the tale of my first kill."
Maggie casts a spell at you. The bolt of fire hits you!!
Maggie casts a spell at you. The bolt of fire hits you!
You are too injured to fight recklessly!
You are too injured to fight recklessly!
You are too injured to fight recklessly!
You are too injured to fight recklessly!
You barely miss Maggie.
Maggie is heavily wounded.
Maggie hits you with a +0 war axe. Maggie gestures at you while chanting.
The bolt of fire hits you.
You hit Maggie.
Maggie is heavily wounded.
You block Maggie's attack.
You closely miss Maggie.
Maggie is heavily wounded.
You block Maggie's attack. Maggie hits you with a +0 war axe.
You slash Maggie!
Maggie is severely wounded.
You block Maggie's attack.
You barely miss Maggie.
Maggie is severely wounded.
You block Maggie's attack.
You hit Maggie.
Maggie is severely wounded.
Maggie points at you and mumbles some strange words.
The bolt of fire hits you!!
* * * LOW HITPOINT WARNING * * *
Maggie casts a spell at you. The bolt of fire hits you!!
You die...

#.# #.# #.#
#.. ##.#
######..#+##
#..........#
+##
#.##.##....#
...
#.#.@@.....#
...
#.#.###....#
... #.#
#.#+## ...
#.# #.# ##
#.#.....#.#
#.#.....#.#
#.#.....#.#
#.#.....#.#
#.#.....#.#


You could see Maggie.

Vanquished Creatures
  A black bear (D:4)
  A sky beast (D:6)
  An ice beast (D:6)
  An ogre (D:4)
  2 phantoms
  A necrophage (D:4)
  A scorpion (D:5)
  An orc priest (D:4)
  2 hounds
  5 iguanas
  9 adders
  A white imp (D:6)
  6 worms (D:2)
  3 dart slugs
  5 orcs
  7 endoplasms
  3 giant cockroaches (D:4)
  4 goblins
  4 hobgoblins
  4 jackals (D:1)
  5 kobolds
  6 quokkas
  7 ball pythons
  A bat (D:3)
  3 frilled lizards
  6 rats
90 creatures vanquished.

Notes
Turn   | Place    | Note
-------+----------+-------------------------------------------
     0 | D:1      | LabCoat the Hill Orc Fighter began the quest for the Orb.
     0 | D:1      | Reached XP level 1. HP: 19/19 MP: 1/1
   350 | D:1      | Reached skill level 3 in Axes
   350 | D:1      | Reached XP level 2. HP: 27/27 MP: 2/2
   510 | D:1      | Reached skill level 1 in Maces & Flails
   931 | D:1      | Reached XP level 3. HP: 33/33 MP: 3/3
  1702 | D:2      | Reached XP level 4. HP: 40/40 MP: 4/4
  1725 | D:2      | Found a faded altar of an unknown god.
  2096 | D:3      | Reached skill level 4 in Axes
  2145 | D:3      | Found a transporter.
  2345 | D:3      | Found a transporter.
  2347 | D:3      | Noticed Zero's ghost (amateur HOFi)
  3006 | D:4      | Noticed a phantom
  3028 | D:4      | Killed a phantom
  3029 | D:4      | Reached skill level 1 in Throwing
  3029 | D:4      | Reached XP level 5. HP: 33/47 MP: 5/5
  3188 | D:4      | Reached skill level 5 in Axes
  3188 | D:4      | Reached XP level 6. HP: 53/53 MP: 6/6
  3228 | D:4      | Found a staircase to the Ecumenical Temple.
  3238 | Temple   | Entered the Ecumenical Temple
  3784 | D:4      | Reached XP level 7. HP: 48/60 MP: 7/7
  3925 | D:4      | Reached skill level 5 in Fighting
  3925 | D:4      | Reached skill level 1 in Evocations
  4077 | D:5      | Entered Level 5 of the Dungeon
  4227 | D:5      | Reached skill level 6 in Axes
  4954 | D:5      | Found a sacrificial altar of Ru.
  5017 | D:6      | Reached skill level 5 in Armour
  5017 | D:6      | Reached XP level 8. HP: 69/69 MP: 8/8
  5129 | D:6      | Reached skill level 7 in Axes
  5267 | D:6      | Noticed Maggie
  5277 | D:6      | HP: 2/69 [Maggie/bolt of fire (20)]
  5277 | D:6      | Killed from afar by Maggie

Illustrated notes

Levels and vault maps discovered:
D:1:      psy_arrival_basics, layout_loops_corners
D:2:      layout_loops_ring, ebering_ecumenical_altar_webs
D:3:      layout_basic, gammafunk_ghost_mausoleum, hangedman_decor_opposing,
          dk_noncrumbling_2, minmay_misc_feat_ornament
D:4:      layout_loops_cross, minmay_temple_entry_junction_2,
          gup_sewer_entry_pipe
D:5:      layout_loops_ring, kennysheep_little_box, minivault_23,
          chequers_serial_rivers_room_b, hangedman_abyss_or_decor_stabs
D:6:      layout_basic, cheibrodos_ashenzari_chains, uniq_maggie
Temple:   chequers_temple_sunken

Skill      XL: |  1  2  3  4  5  6  7  8 |
---------------+-------------------------+-----
Axes           | 3 4 5 6 7 |  7.0
Maces & Flails | 1 2 3 |  3.6
Fighting       | 4 5 |  5.6
Throwing       | 1 |  1.6
Armour         | 4 5 |  5.1
Shields        | 4 |  4.9
Evocations     | 2 |  2.2

Action                   |  1- 3 |  4- 6 |  7- 9 || total
-------------------------+-------+-------+-------++-------
Melee: War axe           |    78 |   105 |    94 ||   277
Throw: Javelin           |    15 |    21 |     5 ||    41
       Boomerang         |       |     2 |       ||     2
Evoke: Wand              |       |    11 |     4 ||    15
  Use: Scroll            |     3 |     3 |     1 ||     7
       Potion            |       |     1 |       ||     1
Armor: Scale mail        |    40 |    10 |       ||    50
       Plate armour      |       |    38 |    46 ||    84
Dodge: Dodged            |    39 |    11 |     7 ||    57
Block: Buckler           |    14 |       |       ||    14
       Tower shield      |       |    53 |    87 ||   140
